Map: Orbital Shipyard

Players

ForeverGG - Winner!

  • Race: Zerg Zerg
  • League: Diamond

LilDicky

  • Race: Terran Terran
  • League: Diamond

VOD

http://www.twitch.tv/tumescentpie

Description

Time

  • Played on: Dec. 8, 2015, 9:47 p.m.
  • Length: 7:44
Show
View Real Time Build Order
Export as new Build Order

ForeverGG Zerg - Winner!

Build Orders: Hatch First 

Get SALT Encoding   

  12  0:01  Drone  
  13  0:12  Overlord  
  13  0:17  Drone  
  14  0:30  Drone x2  
  14  0:34  Drone  
  17  0:45  Drone  
  18  0:57  Hatchery  
  18  0:59  Drone  
  18  1:02  Extractor  
  17  1:06  Drone  
  18  1:18  Spawning Pool  
  18  1:22  Drone  
  18  1:28  Drone  
  19  1:39  Drone  
  20  1:49  Drone  
  21  2:08  Queen  
  21  2:09  Queen  
  21  2:10  Drone  
  21  2:11  Drone  
  21  2:12  Overlord  
  27  2:22  Drone  
  28  2:24  Drone, Extractor  
  28  2:27  Metabolic Boost  
  28  2:32  Drone  
  28  2:34  Overlord  
  29  2:43  Zergling x2  
  29  2:44  Zergling x2  
  31  2:59  Lair  
  31  3:08  Drone x4  
  35  3:14  Queen  
  37  3:21  Overlord  
  36  3:41  Drone x4  
  36  3:42  Drone x5  
  44  3:55  Extractor  
  44  3:56  Extractor  
  42  4:15  Overseer  
  42  4:19  Overlord  
  42  4:20  Overlord  
  42  4:22  Spire  
  41  4:37  Zergling x4  
  41  4:38  Zergling x8  
  47  4:57  Overseer  
  45  5:24  Zergling x12  
  45  5:25  Zergling x12  
  57  5:34  Queen x2  
  54  5:35  Mutalisk  
  54  5:36  Mutalisk  
  54  5:49  Mutalisk  
  47  5:50  Mutalisk  
  50  6:12  Hatchery, Mutalisk x4  
  54  6:28  Mutalisk x2  
  58  6:38  Mutalisk  
  58  6:39  Mutalisk x2  
  62  6:41  Mutalisk x2  
  62  6:44  Overlord x4  
  68  7:08  Mutalisk x3  
  70  7:14  Spine Crawler  
  73  7:16  Spine Crawler  
  73  7:21  Zergling x6  
  75  7:27  Drone  
Show
View Real Time Build Order
Export as new Build Order

LilDicky Terran 

Build Orders: Hellion Banshee 

Get SALT Encoding   

  12  0:01  SCV  
  13  0:16  SCV  
  13  0:20  Supply Depot  
  14  0:28  SCV  
  15  0:42  SCV  
  16  0:44  Barracks  
  16  0:46  Refinery  
  16  0:54  SCV  
  17  1:06  SCV  
  18  1:18  SCV  
  19  1:30  SCV  
  20  1:36  Supply Depot  
  21  1:43  Reaper  
  21  1:46  Orbital Command  
  21  1:56  Command Center  
  21  2:12  SCV, Factory  
  22  2:16  Refinery  
  22  2:24  SCV  
  22  2:26  Reaper  
  24  2:36  SCV  
  25  2:48  SCV  
  26  2:58  Barracks Reactor  
  26  2:59  Hellion  
  26  3:02  SCV, Starport  
  29  3:11  Orbital Command  
  29  3:14  SCV  
  30  3:55  SCV x2  
  32  3:57  Starport Tech Lab  
  32  4:03  Command Center  
  32  4:06  Supply Depot  
  32  4:07  SCV x2, Hellion x2  
  38  4:15  Banshee  
  41  4:19  Explosive Shrapnel Shells, SCV x2  
  43  4:29  Hellion x2  
  43  4:31  SCV  
  48  4:45  SCV  
  49  4:46  SCV  
  49  4:50  Supply Depot, Hellion x2  
  49  4:52  Refinery  
  54  4:53  Refinery  
  54  5:12  SCV x2  
  56  5:24  SCV  
  57  5:34  Orbital Command  
  57  5:35  Armory, Supply Depot  
  53  5:36  Banshee, Hellion x2  
  52  5:56  Orbital Command  
  48  6:00  Hellion x2  
  48  6:02  SCV  
  53  6:06  Factory  
  53  6:07  Supply Depot  
  53  6:08  SCV, Factory  
  54  6:14  SCV  
  55  6:20  SCV  
  55  6:23  SCV  
  57  6:26  SCV  
  57  6:28  Marine  
  57  6:29  Hellion x2  
  57  6:32  Banshee, SCV  
  67  6:42  SCV x2  
  67  6:45  Supply Depot  
  69  6:51  Hellion x2  
  73  6:56  Engineering Bay  
  73  6:57  Factory Tech Lab  
  73  7:00  Factory Reactor  
  73  7:03  Factory  
  73  7:04  SCV x2  
  73  7:06  SCV, Factory  
  74  7:16  SCV  
Tags
 
Add a new tag
Caveats
  • Supply blocks, unpowered buildings, or Contaminate may cause inaccurate times.
  • Supply counts are checked every 10 seconds.